 Dungeon Crawl Stone Soup version 0.32-a0-933-ga8fa3634e4 (webtiles) character file.

Game seed: 14780238185501628896

302 jasper the Chopper (level 6, -11/52 HPs)
             Began as a Mountain Dwarf Fighter on Apr 14, 2024.
             Succumbed to their own poison gas
             ... on level 3 of the Dungeon.
             The game lasted 00:04:23 (3018 turns).

jasper the Chopper (Mountain Dwarf Fighter)         Turns: 3018, Time: 00:04:24

Health: -11/52     AC: 15    Str: 20    XL:     6   Next: 14%
Magic:  6/6        EV:  8    Int:  9    God:
Gold:   221        SH:  4    Dex:  9    Spells: 5/5 levels left

rFire   . . .        a - +0 war axe (protect)
rCold   . . .        c - +0 buckler
rNeg    . . .        b - +0 scale mail
rPois   .            (no helmet)
rElec   .            (no cloak)
rCorr   .            o - +0 pair of gloves
SInv    .            (no boots)
Will    .....        (no amulet) Stlth
                     (no ring)
HPRegen 0.28/turn    (no ring)
MPRegen 0.10/turn

%: no passive effects
@: lethally poisoned (-11 -> -41), under a protective aura, on berserk cooldown,
slowed, very slow
A: runic magic, artefact enchanting
a: no special abilities


You were on level 3 of the Dungeon.
You visited 1 branch of the dungeon, and saw 4 of its levels.

You collected 221 gold pieces.

Inventory:

Hand Weapons
 a - a +0 war axe of protection (weapon)
Missiles
 n - 4 poisoned darts (quivered)
 p - 33 stones
Armour
 b - a +0 scale mail (worn)
 c - a +0 buckler (worn)
 o - a +0 pair of gloves (worn)
Jewellery
 q - a ring of wizardry
Scrolls
 g - 2 scrolls of teleportation
 h - 2 scrolls of revelation
Potions
 d - 3 potions of might
 e - a potion of cancellation {unknown}
 f - 3 potions of lignification {unknown}
 i - 2 potions of berserk rage
 j - 3 potions of curing {unknown}
 k - a potion of attraction {unknown}
 l - a potion of heal wounds {unknown}
 t - a potion of haste {unknown}


   Skills:
 + Level 4.2 Fighting
 * Level 5.0 Axes
 + Level 4.3 Armour
 + Level 1.5 Dodging
 + Level 4.2 Shields


You had 5 spell levels left.
You didn't know any spells.
Your spell library contained the following spells:

 Spells                   Type           Power      Damage    Failure   Level
 Call Imp                 Summ           0%         N/A       67%         2
 Sublimation of Blood     Necr           0%         N/A       67%         2
 Summon Hydra             Summ           0%         N/A       100%        7


Dungeon Overview and Level Annotations

Branches:
Dungeon (4/15)
 Temple: D:4-7

Altars:
Vehumet


Innate Abilities, Weirdness & Mutations

Your spellcasting is much less encumbered by armour.
You can use scrolls of enchantment on lesser artefacts.


Message History

You take 7 damage, and have 62/69 hp.
You slash Edmund!
Your weapon exudes an aura of protection.
Edmund is moderately wounded.
You are engulfed in poison gas.
You are more poisoned.
You feel very sick. Edmund hits you with a +3 heavy flail.
You take 11 damage, and have 51/69 hp.
You slice Edmund!!
Edmund is almost dead.
You are engulfed in poison gas.
You are more poisoned.
You feel extremely sick. Edmund hits you but does no damage.
You take 15 damage, and have 36/69 hp.
MASSIVE DAMAGE!!
You closely miss Edmund.
Edmund is almost dead.
You are engulfed in poison gas.
You are lethally poisoned!
You feel extremely sick.
You take 14 damage, and have 22/69 hp.
MASSIVE DAMAGE!!
You slash Edmund!
You kill Edmund!
* * * LOW HITPOINT WARNING * * *
You feel extremely sick.
Your Axes skill increases to level 5!
You have reached level 6!
You take 7 damage, and have 15/78 hp.
MP restored: 6
* * * LOW HITPOINT WARNING * * *
You feel very sick.
There is a stone staircase leading up here.
You take 6 damage, and have 9/78 hp.
You feel a strong urge to attack something.
You are no longer berserk.
You are exhausted.
You feel yourself slow down.
* * * LOW HITPOINT WARNING * * *
You feel very sick.
You climb upwards.
You die...

# #...# #.#.#####.# #
#...# #.#.# #.# # #)..##
#.#.# #.# # #....# #.#.#
#.# ###....####.#.# #.#
...........<..# #.####
......#.######## #....#
...............####.##.#
................@..###.##
...###...##.............#
###.........##.#.....####
#.........##.#.#####
#.........##.#.#
#.........##.#.#
#........###.#.#
#........'...#.#
#........#####.#


There were no monsters in sight!

Vanquished Creatures
  Edmund (D:4)
  A bombardier beetle (D:3)
  A hound (D:3)
  6 adders
  2 ribbon worms
  4 dart slugs
  An orc (D:3)
  7 bats
  8 endoplasms
  7 giant cockroaches
  5 goblins
  A hobgoblin (D:1)
  5 jackals
  2 quokkas (D:3)
  6 ball pythons
  2 frilled lizards
  4 kobolds
  2 rats (D:2)
65 creatures vanquished.

Notes
Turn   | Place    | Note
-------+----------+-------------------------------------------
     0 | D:1      | jasper the Mountain Dwarf Fighter began the quest for the
                  | Orb.
     0 | D:1      | Reached XP level 1. HP: 19/19 MP: 1/1
    75 | D:1      | Reached XP level 2. HP: 26/26 MP: 2/2
   300 | D:1      | Reached skill level 3 in Axes
   900 | D:2      | Reached XP level 3. HP: 31/31 MP: 3/3
  1284 | D:2      | Reached XP level 4. HP: 26/40 MP: 4/4
  1987 | D:3      | Found a radiant altar of Vehumet.
  2053 | D:3      | Reached skill level 4 in Axes
  2216 | D:3      | Reached skill level 1 in Dodging
  2224 | D:3      | Reached XP level 5. HP: 39/46 MP: 5/5
  2713 | D:3      | Identified the +2 leather armour "Wughun" {*Corrode Will+++
                  | Str+4 Int-3}
  2992 | D:4      | Noticed Edmund
  3015 | D:4      | Killed Edmund
  3016 | D:4      | Reached skill level 5 in Axes
  3016 | D:4      | Reached XP level 6. HP: 15/52 MP: 6/6
  3017 | D:4      | HP: 1/52 [poisoned by you (poison gas)]
  3018 | D:3      | Succumbed to their own poison gas

Illustrated notes

Levels and vault maps discovered:
D:1:      wander_arrival_fairy_ring, layout_basic, grunt_decor_cap,
          chequers_serial_rivers_room_b
D:2:      layout_basic, minmay_misc_feat_secret_circle
D:3:      minmay_recursive_quarters, layout_basic, nicolae_vehumet_radiance
D:4:      layout_basic, gammafunk_ghost_icy, uniq_edmund

Skill      XL: |  1  2  3  4  5 |
---------------+----------------+-----
Axes           | 3 4 5 |  5.0
Dodging        | 1 |  1.5
Armour         | 4 |  4.3
Fighting       | 4 |  4.2
Shields        | 4 |  4.2

Action                     |  1- 3 |  4- 6 || total
---------------------------+-------+-------++-------
  Melee: War axe           |    83 |    81 ||   164
  Throw: Dart              |       |     5 ||     5
    Use: Scroll            |     2 |     9 ||    11
         Potion            |       |     1 ||     1
 Armour: Scale mail        |    70 |    69 ||   139
  Dodge: Dodged            |    42 |    52 ||    94
  Block: Buckler           |    20 |    18 ||    38

Table legend: (Time is in decaauts)
 A = Elapsed time spent in this place.
 B = Non-inter-level travel time spent in this place.
 C = Inter-level travel time spent in this place.
 D = Time resting spent in this place.
 E = Time spent auto-exploring this place.
 F = Levels seen in this place.
 G = Mean time per level.
                   A        B        C        D        E       F      G
               +--------+--------+--------+--------+--------+-----+--------+
         Total |   3077 |   3013 |     64 |    315 |   2108 |   4 |  769.2 |
       Dungeon |   3077 |   3013 |     64 |    315 |   2108 |   4 |  769.2 |
               +--------+--------+--------+--------+--------+-----+--------+

Top non-repeatable levels by time:
     D:3: 1100 daAuts
     D:2: 1064 daAuts
     D:1: 887 daAuts
     D:4: 24 daAuts
